AoeStats
← Jiro

Lombardia

509404914Analyzed
4v4 RM · 5d ago on Sep 26, 2026· 53m 0s· 8 players
Game mode
Random Map
Map size
Large (8 player)
Population
200
Speed
Normal
Resources
Standard
Victory
Conquest
Starting age
Dark Age
Ending age
Imperial Age
RankedLock teamsTeams togetherTeam positionsShared explorationLock speedFull tech treeHidden civsTurbo modeCheats
Victory
Defeat
🇺🇸 Danes · United States
859
+14
🇦🇷 Mongols · Argentina
853
+14
🇨🇳 Byzantines · China
832
+15
🇦🇷 Cumans · Argentina
749
+17
🇪🇸 Gurjaras · Spain
842
-18
🇹🇷 Teutons · Türkiye
811
-15
🇨🇱 Khmer · Chile
789
-14
🇲🇽 Italians · Mexico
762
-13
Kaparso
10:27 Feudal Age
16:15 Castle Age
15:37 Fletching
17:16 Double-Bit Axe
17:43 Loom
30:42 Wheelbarrow
29:53 Town Watch
32:27 Bodkin Arrow
32:33 Padded Archer Armor
36:30 Imperial Age
34:15 Masonry
37:10 Ballistics
37:04 Fortified Wall
39:41 Conscription
40:54 Bracer
41:12 Elite Elephant Archer
45:51 Kshatriyas
48:07 Chemistry
47:45 Husbandry
47:58 Bloodlines
Jiro
0:30 Loom
11:57 Feudal Age
12:38 Double-Bit Axe
13:21 Horse Collar
15:19 Wheelbarrow
14:30 Town Watch
18:50 Gold Mining
22:52 Castle Age
20:46 Stone Mining
23:55 Bow Saw
23:49 Heavy Plow
24:41 Stone Shaft Mining
26:47 Hand Cart
26:41 Town Patrol
31:45 Fortified Wall
31:45 Masonry
31:56 Ballistics
31:26 Heated Shot
36:50 Imperial Age
34:10 Pikeman
35:06 Squires
40:07 Elite Teutonic Knight
41:23 Hoardings
42:09 Chemistry
40:55 Arrowslits
45:00 Halberdier
45:46 Cavalier
Silver
0:33 Loom
11:17 Feudal Age
12:08 Double-Bit Axe
12:34 Man-at-Arms
13:01 Arson
14:42 Wheelbarrow
13:51 Horse Collar
18:38 Gold Mining
18:39 Stone Mining
23:22 Castle Age
22:09 Fletching
25:02 Stone Shaft Mining
25:49 Thumb Ring
26:54 Bodkin Arrow
28:26 Padded Archer Armor
32:17 Heavy Plow
32:32 Bow Saw
33:05 Leather Archer Armor
34:19 Hand Cart
34:48 Scale Mail Armor
34:59 Forging
35:37 Murder Holes
36:03 Ballistics
35:45 Murder Holes
35:31 Treadmill Crane
36:12 Chain Mail Armor
40:48 Imperial Age
38:53 Fortified Wall
38:56 Masonry
41:02 Iron Casting
42:36 Chemistry
41:27 Arrowslits
42:40 Squires
42:00 Pikeman
42:02 Long Swordsman
43:14 Elite Genoese Crossbowman
44:15 Conscription
44:46 Silk Road
44:38 Bracer
45:09 Ring Archer Armor
45:27 Crop Rotation
46:02 Two-Man Saw
45:11 Caravan
46:01 Pirotechnia
47:48 Blast Furnace
47:18 Plate Mail Armor
47:03 Bloodlines
46:54 Husbandry
Jx
0:31 Loom
14:45 Feudal Age
IP_HzX
0:33 Loom
14:33 Feudal Age
18:47 Wheelbarrow
18:01 Double-Bit Axe
18:35 Gold Mining
18:51 Horse Collar
23:29 Castle Age
22:14 Bloodlines
25:13 Bow Saw
24:55 Fletching
25:06 Padded Archer Armor
25:12 Scale Barding Armor
25:18 Forging
25:24 Stone Mining
29:09 Gold Shaft Mining
29:09 Stone Shaft Mining
29:48 Town Watch
31:40 Heavy Plow
32:04 Hand Cart
37:54 Imperial Age
36:02 Nomads
36:11 Husbandry
39:00 Conscription
38:18 Capped Ram
40:16 Heavy Camel Rider
41:38 Ballistics
42:19 Chemistry
42:02 Stone Shaft Mining
41:18 Siege Ram
42:30 Town Patrol
44:00 Elite Mangudai
45:18 Hoardings
44:55 Bodkin Arrow
45:50 Iron Casting
46:56 Leather Archer Armor
46:42 Bracer
47:02 Chain Barding Armor
48:32 Drill
49:22 Blast Furnace
48:21 Murder Holes
48:37 Masonry
48:37 Fortified Wall
52:36 Scale Mail Armor
52:46 Siege Engineers
TheDukeofWrenches
13:10 Feudal Age
11:30 Loom
14:00 Horse Collar
17:53 Castle Age
16:48 Double-Bit Axe
19:13 Heavy Plow
19:26 Bow Saw
20:05 Wheelbarrow
23:57 Hamask
25:38 Hand Cart
27:27 Scale Mail Armor
27:39 Squires
31:47 Imperial Age
30:12 Pikeman
30:41 Arson
33:07 Conscription
33:03 Elite Jomsviking
33:51 Gold Mining
33:52 Stone Mining
36:02 Chemistry
35:24 Ballistics
34:47 Elite Varangian Guard
35:39 Halberdier
37:53 Chain Mail Armor
37:49 Forging
37:44 Scale Barding Armor
42:27 Plate Mail Armor
42:32 Iron Casting
41:58 Padded Archer Armor
41:48 Fletching
42:01 Onager
42:02 Capped Ram
42:04 Heavy Scorpion
42:53 Elite Skirmisher
44:14 Siege Onager
44:15 Siege Ram
44:56 Town Watch
46:02 Illumination
45:56 Block Printing
45:54 Fervor
46:06 Sanctity
46:29 Theocracy
48:03 Bodkin Arrow
48:23 Leather Archer Armor
49:09 Blast Furnace
50:52 Redemption
50:49 Siege Engineers
50:55 Masonry
1829032
3:37 Loom
12:46 Feudal Age
13:35 Double-Bit Axe
16:57 Forging
17:43 Scale Barding Armor
19:07 Horse Collar
20:40 Wheelbarrow
22:45 Castle Age
21:56 Fletching
22:09 Scale Mail Armor
23:33 Gold Mining
25:49 Pikeman
26:54 Husbandry
27:49 Hand Cart
28:35 Murder Holes
29:55 Iron Casting
30:28 Stone Mining
31:37 Coinage
31:38 Chain Mail Armor
31:47 Bow Saw
33:11 Chain Barding Armor
37:38 Imperial Age
35:27 Heavy Plow
38:33 Cavalier
40:37 Plate Barding Armor
40:25 Squires
42:00 Conscription
43:24 Plate Mail Armor
42:50 Bodkin Arrow
43:58 Elite Cataphract
46:27 Chemistry
45:48 Ballistics
45:10 Treadmill Crane
45:43 Fortified Wall
46:00 Onager
50:11 Logistica
VivaPeron
1:11 Loom
8:10 Feudal Age
9:28 Wheelbarrow
9:12 Double-Bit Axe
28:56 Bloodlines
31:48 Fletching
35:48 Forging
36:54 Scale Barding Armor
38:05 Padded Archer Armor
41:24 Castle Age
41:33 Light Cavalry
46:01 Chain Barding Armor
46:16 Iron Casting
47:59 Bodkin Arrow
48:20 Leather Archer Armor
47:58 Horse Collar
48:27 Thumb Ring
51:00 Scale Mail Armor
53:10 Chain Mail Armor
Connection lost

Rejoining the realm…

Still unreachable

The connection could not be restored.

Session expired

The server has moved on; the page needs a fresh start.